 Dungeon Crawl Stone Soup version bcrawl-1.41.1 (webtiles) character file.

Game seed: 2875615553484796579

245983 Artagas the Cudgeler (level 9, -2/79 HPs)
             Began as a Demigod Monk on Apr 14, 2024.
             Slain by a wolf spider zombie (3 damage)
             ... on level 6 of the Dungeon on Apr 15, 2024.
             The game lasted 00:16:34 (7341 turns).

Artagas the Cudgeler (Demigod Monk)                 Turns: 7341, Time: 00:16:34

Health: -2/79      AC: 11    Str: 21    XL:     9   Next: 34%
Magic:  0/16       EV:  9    Int: 16    God:    Demigod [****..]
Gold:   391        SH:  0    Dex: 21    Spells: 8/8 levels left

rFire    . . .     GDR:     34% u - +0 mace of the Wolf {elec, +Fly Str+2 Dex+2}
rCold    . . .     SeeInvis .   (no shield)
rNeg     . . .     Gourm    .   D - +0 chain mail
rPois    .         Faith    .   c - +0 hat
rElec    .         Spirit   +   y - +1 cloak
rCorr    .         Reflect  .   (no gloves)
MR       .....                  (no boots)
Stlth    ..........             d - amulet of guardian spirit
HPRegen  0.23/turn              (no ring)
MPRegen  0.15/turn              (no ring)

@: no status effects
A: high mp 1
a: Temporal Distortion, Growth, Major Destruction, Heroism, Evoke Flight


You were on level 6 of the Dungeon.
You worshipped Demigod.
Demigod was greatly pleased with you.
You were hungry.

You visited 1 branch of the dungeon, and saw 6 of its levels.

You collected 391 gold pieces.

Inventory:

Hand Weapons
 a - a +0 mace
 u - the +0 mace of the Wolf (weapon) {elec, +Fly Str+2 Dex+2}
   (You found it on level 4 of the Dungeon)

   Occasionally, upon striking a foe, it will discharge some electrical energy
   and cause terrible harm.
   It affects your strength (+2).
   It affects your dexterity (+2).
   It lets you fly.
 H - a +2 hunting sling of freezing
   (You took it off Ijyb on level 5 of the Dungeon)
Missiles
 p - 85 javelins (quivered)
 B - 687 bolts
 I - 163 sling bullets
Armour
 b - a +0 robe
 c - a +0 hat (worn)
 j - a +0 ring mail
   (You found it on level 1 of the Dungeon)
 y - a +1 cloak (worn)
   (You found it on level 4 of the Dungeon)
 D - a +0 chain mail (worn)
   (You took it off an orc warrior on level 4 of the Dungeon)
Jewellery
 d - an amulet of guardian spirit (around neck)
Wands
 r - a wand of acid (1)
   (You found it on level 4 of the Dungeon)
 E - a wand of polymorph (10)
   (You took it off Ijyb on level 5 of the Dungeon)
Scrolls
 m - a scroll of immolation {unknown}
 s - a scroll of revelation
 t - 2 scrolls of teleportation
 v - 5 scrolls of remove curse
 x - a scroll of fear {unknown}
 z - a scroll of blinking
 A - a scroll of amnesia {unknown}
 G - a scroll of enchant armour
Potions
 f - 2 potions of mutation
 h - 3 potions of haste
 k - a potion of cancellation
 l - a potion of brilliance
 n - a potion of resistance
 o - a potion of ambrosia
 q - a potion of curing
 w - 2 potions of heal wounds
 C - a potion of lignification
Comestibles
 e - 7 rations {!d}
 g - 4 chunks of flesh


   Skills:
 + Level 7.5 Fighting
 + Level 7.5 Maces & Flails
 - Level 4.0 Throwing
 - Level 3.0 Armour
 - Level 3.0 Dodging
 - Level 2.0 Stealth
 + Level 5.0 Invocations


You had 8 spell levels left.
You didn't know any spells.
Your spell library contained the following spells:

 Spells                   Type           Power        Failure   Level  Hunger
 Magic Dart               Conj           #...         94%         1    None
 Searing Ray              Conj           #.......     98%         2    ####...
 Iskenderun's Mystic Bla  Conj           #.......     100%        3    #####..
 Fulminant Prism          Conj/Hex       #.........   100%        4    ######.
 Irradiate                Conj/Tmut      #.........   100%        5    #######


Dungeon Overview and Level Annotations

Branches:
Dungeon (6/12)
 Temple: D:4-7

Shops:
D:4 [

Annotations:
D:4 2 runed translucent doors, Konar's ghost, novice CeHu


Innate Abilities, Weirdness & Mutations

You have an increased reservoir of magic. (+10% MP)


Message History

You sock the orc wizard!
Lightning courses through the orc wizard!
You kill the orc wizard!
Your kill strengthens your divinity.
You feel like a meek peon again.
You hit the orc priest.
The orc priest is lightly wounded.
The orc priest hits you with a +0 club.
You are feeling hungry.
You hit the orc priest.
The orc priest is heavily wounded.
The orc priest invokes the aid of Beogh against you.
Pain shoots through your body!
You hit the orc priest.
The orc priest is severely wounded.
The orc priest misses you.
You sock the orc priest!
You kill the orc priest!
Your kill strengthens your divinity.
Your chain mail prevents you from hitting the orc wizard.
The orc wizard hits you but does no damage.
You are poisoned.
You closely miss the orc wizard.
You feel sick. The orc wizard casts a spell at you.
The magic dart hits you but does no damage.
You hit the orc wizard.
The orc wizard is lightly wounded.
You feel sick.
The orc wizard hits you with a +1 dagger of venom.
You are more poisoned.
You hit the orc wizard.
The orc wizard is moderately wounded.
You feel sick.
The orc wizard mumbles some strange words.
The orc wizard blinks!
You feel sick.
The wolf spider zombie hits you but does no damage.
The wolf spider zombie bites you. The wolf spider zombie hits you.
The wolf spider zombie barely misses you.
Items here: )) [[ a +0 club; a cursed +0 leather armour; a +0 dagger; a +2 robe of magic recovery You hit the wolf spider zombie.
Lightning courses through the wolf spider zombie!!
The wolf spider zombie is moderately damaged.
You feel sick. The wolf spider zombie hits you.
The wolf spider zombie bites you but does no damage.
You hit the wolf spider zombie.
Lightning courses through the wolf spider zombie!
The wolf spider zombie is heavily damaged.
The wolf spider zombie hits you but does no damage.
The wolf spider zombie bites you but does no damage.
The wolf spider zombie hits you. The wolf spider zombie bites you.
You hit the wolf spider zombie.
The wolf spider zombie is heavily damaged.
You feel sick. The wolf spider zombie hits you.
The wolf spider zombie closely misses you.
The orc wizard hits you but does no damage.
You are more poisoned.
You thump the wolf spider zombie!
The wolf spider zombie is severely damaged.
You feel sick. The wolf spider zombie hits you!
The wolf spider zombie closely misses you.
The orc wizard hits you but does no damage.
You are more poisoned.
The wolf spider zombie hits you!
* * * LOW HITPOINT WARNING * * *
The wolf spider zombie bites you but does no damage.
You feel better. The wolf spider zombie hits you!
* * * LOW HITPOINT WARNING * * *
The wolf spider zombie barely misses you.
The orc wizard points at you and mumbles some strange words.
You easily resist.
Things that are here:
a +0 dagger; a +0 robe Evoke which item? (* to show all) (? for menu, Esc to quit)
Aiming: Corrosive Bolt
Press: ? - help, Shift-Dir - straight line, f - wolf spider zombie
Aim: a wolf spider zombie (severely damaged)
The bolt of acid hits the wolf spider zombie!
The wolf spider zombie is splashed with acid.
The wolf spider zombie is severely damaged.
The bolt of acid hits the orc wizard!
The orc wizard is splashed with acid.
The acid corrodes the orc wizard!
The orc wizard is almost dead.
The wolf spider zombie hits you.
* * * LOW HITPOINT WARNING * * *
The wolf spider zombie barely misses you.
You hit the orc wizard.
You kill the orc wizard!
Your kill strengthens your divinity.
Your Invocations skill increases to level 5!
You sock the wolf spider zombie!
The wolf spider zombie is almost destroyed.
The wolf spider zombie hits you.
* * * LOW HITPOINT WARNING * * *
The wolf spider zombie bites you.
* * * LOW HITPOINT WARNING * * *
The wolf spider zombie hits you.
You die...
Your divinity fades.

#.# #.##### #.# #.....#
#(### #>###.#
########...###......
#..............###..
#.####.<....##.# #.. #.#
#......#...##.#
#######.####...........).#
..$...%.Z@)†.######...##.#
######.####.# ##.##... #.#
#.# #.##... #......# #...
..###### ##.# #... #.#
.... #)# ##...# #)# .§..#
#.#


You could see a wolf spider zombie.

Vanquished Creatures
  A hippogriff (D:6)
  Eustachio (D:6)
  3 orc warriors
  2 sky beasts
  3 phantoms
  An ogre (D:5)
  2 bullfrogs
  2 centaurs
  2 howler monkeys
  5 orc priests
  4 crimson imps
  2 bullfrog zombies
  A bullfrog skeleton (D:4)
  3 hounds
  8 orc wizards
  2 iguanas (D:5)
  Ijyb (D:5)
  3 worker ants
  A hound skeleton (D:5)
  2 howler monkey skeletons
  10 adders
  2 shadow imps (D:5)
  An ooze (D:4)
  3 worms
  A dart slug (D:5)
  2 leopard geckos
  23 orcs
  2 ball pythons (D:5)
  5 giant cockroaches
  6 goblins
  5 hobgoblins
  11 jackals
  A quokka (D:2)
  5 bats
  3 frilled lizards
  A jackal skeleton (D:5)
  9 kobolds
  A quokka skeleton (D:4)
  6 rats
146 creatures vanquished.

Notes
Turn   | Place    | Note
-------+----------+-------------------------------------------
     0 | D:1      | Artagas the Demigod Monk began the quest for the Orb.
     0 | D:1      | Reached XP level 1. HP: 18/18 MP: 5/5
   536 | D:1      | Reached skill level 3 in Fighting
   536 | D:1      | Reached skill level 3 in Maces & Flails
   536 | D:1      | Reached XP level 2. HP: 26/26 MP: 6/6
  1917 | D:2      | Reached XP level 3. HP: 22/31 MP: 4/7
  2264 | D:2      | Reached XP level 4. HP: 19/40 MP: 4/8
  2341 | D:2      | Found a shimmering altar of Xom.
  3021 | D:3      | Found a blossoming altar of Fedhas.
  3050 | D:3      | Reached skill level 4 in Fighting
  3050 | D:3      | Reached skill level 4 in Maces & Flails
  3151 | D:3      | Reached XP level 5. HP: 33/46 MP: 5/9
  3171 | D:3      | HP: 5/46 [jackal (2)]
  3176 | D:3      | HP: 5/46 [jackal (1)]
  3588 | D:3      | Reached *** piety under Demigod
  3589 | D:3      | Reached XP level 6. HP: 41/53 MP: 7/10
  4026 | D:3      | Reached skill level 5 in Fighting
  4026 | D:3      | Reached skill level 5 in Maces & Flails
  4230 | D:3      | Noticed a sky beast
  4293 | D:3      | Killed a sky beast
  4294 | D:3      | Reached skill level 1 in Throwing
  4526 | D:4      | Reached XP level 7. HP: 61/61 MP: 11/11
  4656 | D:4      | Found Nacucey's Armour Boutique.
  4736 | D:4      | Found a large runed translucent door.
  4736 | D:4      | Found a large runed translucent door.
  4738 | D:4      | Noticed Konar's ghost (novice CeHu)
  4789 | D:4      | Reached skill level 2 in Throwing
  4889 | D:4      | Found a sacrificial altar of Ru.
  5503 | D:4      | Reached skill level 6 in Fighting
  5503 | D:4      | Reached skill level 6 in Maces & Flails
  5610 | D:4      | Got a brightly glowing mace
  5774 | D:4      | Identified the cursed +0 mace of the Wolf {elec, +Fly Str+2
                  | Dex+2} (You found it on level 4 of the Dungeon)
  5787 | D:5      | Entered Level 5 of the Dungeon
  5877 | D:5      | Reached skill level 3 in Throwing
  5877 | D:5      | Reached XP level 8. HP: 35/70 MP: 9/13
  6142 | D:5      | Reached **** piety under Demigod
  6143 | D:5      | Reached skill level 1 in Armour
  6146 | D:5      | Reached skill level 3 in Dodging
  6364 | D:5      | Noticed Ijyb
  6368 | D:5      | Killed Ijyb
  6369 | D:5      | Reached skill level 2 in Armour
  6487 | D:5      | Reached skill level 4 in Throwing
  6937 | D:5      | Reached skill level 7 in Maces & Flails
  7152 | D:6      | Noticed Eustachio
  7165 | D:6      | Reached skill level 7 in Fighting
  7165 | D:6      | Reached skill level 3 in Armour
  7165 | D:6      | Reached skill level 3 in Invocations
  7165 | D:6      | Reached XP level 9. HP: 46/79 MP: 5/14
  7177 | D:6      | Killed Eustachio
  7307 | D:6      | Reached skill level 4 in Invocations
  7337 | D:6      | HP: 10/79 [wolf spider zombie (13)]
  7341 | D:6      | Reached skill level 5 in Invocations
  7341 | D:6      | HP: 1/79 [wolf spider zombie (5)]
  7341 | D:6      | Slain by a wolf spider zombie

Skill      XL: |  1  2  3  4  5  6  7  8  9 |
---------------+----------------------------+-----
Fighting       | 3 4 5 6 7 |  7.5
Maces & Flails | 3 4 5 6 7 |  7.5
Throwing       | 1 3 4 |  4.0
Armour         | 3 |  3.0
Dodging        | 3 |  3.0
Invocations    | 3 5 |  5.0
Stealth        | |  2.0

Action                   |  1- 3 |  4- 6 |  7- 9 || total
-------------------------+-------+-------+-------++-------
Melee: Mace              |   119 |   228 |   320 ||   667
       Punch             |       |       |     1 ||     1
Throw: Javelin           |     3 |     4 |     5 ||    12
Invok: Heroism           |       |       |     4 ||     4
Evoke: Wand              |       |       |     2 ||     2
  Use: Scroll            |     2 |     4 |    11 ||    17
       Potion            |       |     1 |     1 ||     2
 Stab: Sleeping          |     1 |     2 |     1 ||     4
  Eat: Chunk             |     8 |    12 |    15 ||    35
       Ration            |       |     1 |     1 ||     2
Armor: Robe              |     1 |       |       ||     1
       Ring mail         |    26 |    80 |    43 ||   149
       Chain mail        |       |       |    66 ||    66
       Skin              |       |       |     1 ||     1
Dodge: Dodged            |    76 |   174 |   152 ||   402

Levels and vault maps discovered:
D:1:      amcnicky_arrival_choice, layout_basic, chequers_serial_rivers_small_3
D:2:      layout_loops_corners, marbit_many_paths, serial_aquarium,
          aquarium_bridge_straight [aquarium_subvault_bridge,
          aquarium_subvault_window, aquarium_subvault_bridge,
          aquarium_subvault_window], aquarium_bridge_straight
          [aquarium_subvault_bridge, aquarium_subvault_balcony,
          aquarium_subvault_bridge, aquarium_subvault_wall],
          aquarium_window_fake, aquarium_window_corner, aquarium_view_2a,
          aquarium_view_2c, aquarium_balcony_1a, kennysheep_nondescript
D:3:      layout_basic, fedhas_ov_isle_minmay, first_ration, serial_forest,
          infiniplex_forest_diagonal, infiniplex_forest_straight_5,
          infiniplex_forest_clump_C, infiniplex_forest_end_3,
          infiniplex_forest_clump_medium, infiniplex_forest_straight_4,
          infiniplex_forest_clump_medium, infiniplex_forest_straight_3,
          hangedman_decor_lopped
D:4:      layout_loops_ring, serial_shops, nicolae_shop_crystal,
          ebering_ghost_disaster_area, nicolae_ru_the_path_less_chosen
D:5:      layout_loops_cross, mainiacjoe_sewer_entry_somewhere_in_here_2,
          uniq_ijyb
D:6:      minmay_spotlight, layout_loops_ring, serial_shops,
          nicolae_shop_temple_entry_statues_fountains, uniq_pikel,
          uniq_eustachio

Table legend:
 A = Turns spent in this place as a percentage of turns spent in the entire game.
 B = Non-inter-level travel turns spent in this place as a percentage of non-inter-level travel turns spent in the entire game.
 C = Inter-level travel turns spent in this place as a percentage of turns spent in this place.
 D = Turns resting spent in this place as a percentage of non-inter-level travel turns spent in this place.
 E = Turns spent auto-exploring this place as a percentage of non-inter-level travel turns spent in this place.
 F = Non-inter-level travel turns spent in this place divided by the number of levels of this place that you've seen.
                   A       B       C       D       E      F
               +-------+-------+-------+-------+-------+----------------------
         Total | 100.0 | 100.0 |   6.7 |   9.0 |  67.0 | 1142.0
       Dungeon | 100.0 | 100.0 |   6.7 |   9.0 |  67.0 | 1142.0
               +-------+-------+-------+-------+-------+----------------------

Table legend:
 A = Kills in this place as a percentage of kills in entire the game.
 B = Kills by you in this place as a percentage of kills by you in the entire game.
 C = Kills by friends in this place as a percentage of kills by friends in the entire game.
 D = Other kills in this place as a percentage of other kills in the entire game.
 E = Experience gained in this place as a percentage of experience gained in the entire game.
 F = Experience gained in this place divided by the number of levels of this place that you have seen.
                   A       B       C       D       E      F
               +-------+-------+-------+-------+-------+----------------------
         Total | 100.0 | 100.0 |   N/A |   N/A | 100.0 | 623.2
       Dungeon | 100.0 | 100.0 |   N/A |   N/A | 100.0 | 623.2
               +-------+-------+-------+-------+-------+----------------------
